 Dungeon Crawl Stone Soup version 0.14-a0-1413-g94b8a5e (webtiles) character file.

104 M4edhros the Insei (level 3, -1/23 HPs)
             Began as an Octopode Transmuter on Dec 11, 2013.
             Slain by a kobold
             ... wielding a +0,+0 whip
              (7 damage)
             ... on Level 2 of the Dungeon on Dec 12, 2013.
             The game lasted 00:02:48 (1289 turns).

M4edhros the Insei (Octopode Transmuter)            Turns: 1289, Time: 00:02:48

HP  -1/23        AC  1     Str  9      XL: 3   Next: 37%
MP   6/6         EV 13     Int 16      God:
Gold 68          SH  0     Dex 12      Spells:  2 memorised,  2 levels left

rFire  + . .     SeeInvis .     o - -3,-1 short sword (curse)
rCold  x . .     Clarity  .     (no shield)
rNeg   . . .     Conserve .     (helmet restricted)
rPois  .         rCorr    .     (no amulet)
rElec  .         rRot     .     c - ring of fire
SustAb . .       Spirit   .     (no ring)
rMut   .         Warding  .     (no ring)
Saprov . . .     Stasis   .     (no ring)
                                (no ring)
                                (no ring)
                                (no ring)
                                (no ring)

@: not resistant to hostile enchantments, fairly stealthy
A: almost no armour, amphibious, 8 rings, constrict 8, camouflage 1, gelatinous
body 1
a: no special abilities


You were on level 2 of the Dungeon.
You were hungry.

You visited 1 branch of the dungeon, and saw 3 of its levels.

You collected 68 gold pieces.

Inventory:

Hand weapons
 j - a +0,+1 dwarven short sword
 n - a +0,+0 spear
 o - a cursed -3,-1 short sword (weapon)
Missiles
 b - 41 arrows
Comestibles
 a - 2 bread rations
 f - an apple
 h - 2 meat rations
 i - a snozzcumber
 k - a pear
Scrolls
 e - 2 scrolls of teleportation
Jewellery
 c - a ring of fire (left tentacle)
Books
 d - a book of Changes

   Spells                             Type                      Level
   *Beastly Appendage                 Transmutation                1
   Sticks to Snakes                   Transmutation                2
   *Spider Form                       Transmutation/Poison         3
   Ice Form                           Ice/Transmutation            4
   Blade Hands                        Transmutation                5


   Skills:
 - Level 1.0 Fighting
 + Level 2.9 Dodging
 + Level 3.7 Unarmed Combat
 - Level 2.0 Spellcasting
 + Level 2.0 Transmutations


You had 2 spell levels left.
You knew the following spells:

 Your Spells              Type           Power        Failure   Level  Hunger
a - Beastly Appendage     Trmt           #.....       10%         1    #......
b - Spider Form           Trmt/Pois      #.........   38%         3    ####...


Dungeon Overview and Level Annotations

Branches:
Dungeon (3/16)

Altars:


Innate Abilities, Weirdness & Mutations

You cannot wear most types of armour.
You are amphibious.
You can wear up to eight rings at the same time.*
You can use your tentacles to constrict many enemies at once.*
Your skin changes colour to match your surroundings (Stlth).*
Your rubbery body absorbs attacks (AC +1).*


Message History

You squeeze the hobgoblin, but do no damage.
The hobgoblin is severely wounded.
You constrict the hobgoblin.
The hobgoblin hits you with an orcish club.
You hit the hobgoblin but do no damage.
The hobgoblin is almost dead.
You constrict the hobgoblin.
You kill the hobgoblin!
You start resting.
You hit the kobold but do no damage. Your grab misses the kobold.
The kobold hits you with a whip.
* * * LOW HITPOINT WARNING * * *
You are too injured to fight recklessly!
You are too injured to fight recklessly!
You aren't carrying any items that can be evoked.
Cast which spell? (? or * to list)
Okay, then.
You aren't carrying any potions.
The kobold hits you with a whip!
You die...

# .# .# .# ## ##. ..####
####..#.. ......
......#.###..##.#
#....@..(..#.#
......#.#K..#.#.# # ..#
#.......#.# #####
#....#.##.....###.#.###....
#....).....(# #.#........
##.#####...(###.#####.###
#.......#...............
##############.#.....###
#.#.####...


You could see a kobold.

Vanquished Creatures
  An adder (D:2)
  2 giant cockroaches
  A goblin (D:1)
  3 hobgoblins
  5 jackals (D:2)
  A ball python (D:1)
  3 bats
  3 giant newts
  5 kobolds
  2 rats (D:1)
26 creatures vanquished.

Notes
Turn   | Place    | Note
--------------------------------------------------------------
     0 | D:1      | M4edhros, the Octopode Transmuter, began the quest for the Orb.
     0 | D:1      | Reached XP level 1. HP: 13/13 MP: 3/3
   287 | D:1      | Reached XP level 2. HP: 13/18 MP: 4/4
   642 | D:2      | Reached XP level 3. HP: 17/23 MP: 6/6
   940 | D:2      | Learned a level 3 spell: Spider Form
  1289 | D:2      | Slain by a kobold

Action                   || total
-------------------------++-------
Melee: Unarmed           ||    59
       Short sword       ||     4
 Cast: Beastly Appendage ||     1
  Use: Scroll            ||     3
       Potion            ||     1
 Stab: Sleeping          ||     1
